 Dungeon Crawl Stone Soup version 0.27-a0-488-g88baaf19db (webtiles) character file.

Game seed: 11940541297239685052

5742 tilp the Martial Artist (level 10, -2/68 HPs)
             Began as an Octopode Transmuter on Mar 1, 2021.
             Was a Believer of Okawaru.
             Slain by a two-headed ogre
             ... wielding a +0 giant club
              (19 damage)
             ... on level 10 of the Dungeon.
             The game lasted 00:21:26 (13877 turns).

tilp the Martial Artist (Octopode Transmuter)      Turns: 13877, Time: 00:21:27

Health: -2/68      AC:  1    Str:  9    XL:     10   Next: 77%
Magic:  14/16      EV: 15    Int: 26    God:    Okawaru [**....]
Gold:   465        SH:  0    Dex: 12    Spells: 2/17 levels left

rFire    . . .     SeeInvis .     - Unarmed
rCold    . . .     Faith    .   (no shield)
rNeg     . . .     Spirit   .   (helmet currently unavailable)
rPois    .         Reflect  .   (no amulet)
rElec    .         Harm     .   m - +4 ring of slaying
rCorr    .         Rampage  .   t - ring of flight
Will     .....                  A - +6 ring of intelligence
Stlth    +++.......             (no ring)
HPRegen  0.21/turn              (no ring)
MPRegen  0.15/turn              (no ring)
                                (no ring)
                                (no ring)

@: appendages, very slightly contaminated
A: almost no armour, stealthy swim, amphibious, 8 rings, constrict 8, tentacle
spike 3, camouflage 1, gelatinous body 1
a: End Transformation, Renounce Religion, Evoke Flight, Heroism


You were on level 10 of the Dungeon.
You worshipped Okawaru.
Okawaru was pleased with you.
One of your tentacles had a temporary spike.
You visited 2 branches of the dungeon, and saw 11 of its levels.

You collected 465 gold pieces.

Inventory:

Missiles
 b - 11 boomerangs
 h - 22 poisoned darts (quivered)
 i - 2 atropa-tipped darts
 n - 2 silver boomerangs
 F - a throwing net {!f}
Jewellery
 g - an amulet of faith
 m - a +4 ring of slaying (left tentacle)
 t - a ring of flight (right tentacle)
 z - a ring of fire
 A - a +6 ring of intelligence (on tentacle)
Wands
 c - a wand of iceblast (26)
 C - a wand of polymorph (12)
 G - a wand of digging (7)
 H - a wand of charming (6)
Scrolls
 d - a scroll of enchant armour
 e - 3 scrolls of fog
 f - a scroll of blinking
 j - 4 scrolls of teleportation
 q - 2 scrolls of amnesia
 s - a scroll of immolation
 y - 2 scrolls of fear
Potions
 a - a potion of brilliance
 k - 2 potions of berserk rage
 l - a potion of mutation
 o - 3 potions of lignification
 p - a potion of magic
 u - 2 potions of resistance
 w - a potion of flight
 x - a potion of might
 B - a potion of heal wounds
 D - a potion of cancellation {unknown}
 I - 2 potions of curing


   Skills:
 - Level 6.0 Fighting
 - Level 6.0 Dodging
 - Level 4.0 Stealth
 - Level 8.0 Unarmed Combat
 - Level 4.0 Spellcasting
 - Level 8.0 Transmutations
 - Level 2.0 Ice Magic
 - Level 2.0 Poison Magic
 + Level 4.4 Invocations
 + Level 4.4 Evocations


You had 2 spell levels left.
You knew the following spells:

 Your Spells              Type           Power        Failure   Level
a - Beastly Appendage     Tmut           92%          1%          1
b - Wereblood             Tmut           46%          1%          2
c - Spider Form           Tmut/Pois      15%          3%          3
d - Ice Form              Ice/Tmut       31%          11%         4
e - Blade Hands           Tmut           23%          9%          5

Your spell library contained the following spells:

 Spells                   Type           Power        Failure   Level


Dungeon Overview and Level Annotations

Branches:
Dungeon (10/15)            Temple (1/1) D:7            Lair (0/6) D:9
    Orc: D:9-12

Altars:
Ashenzari
Cheibriados
Dithmenos
Elyvilon
Fedhas
Gozag
Hepliaklqana
Kikubaaqudgha
Makhleb
Nemelex Xobeh
Okawaru
Qazlal
Ru
Sif Muna
Trog
Uskayaw
Vehumet
Wu Jian
Xom
Yredelemnul
Zin
The Shining One

Shops:
D:4 (   D:5 *   D:6 :


Innate Abilities, Weirdness & Mutations

You cannot wear most types of armour.
You are very stealthy in the water. (Stealth+)
You are amphibious.
You can wear up to eight rings at the same time.
You can use your tentacles to constrict eight enemies at once.
Your skin changes colour to match your surroundings (Stealth+).
Your rubbery body absorbs attacks. (AC +1, EV +1)
One of your tentacles bears a large vicious spike.


Message History

Aiming: Iceblast
Press: ? - help, Shift-Dir - straight line, f/p - two-headed ogre
Aim: a two-headed ogre, wielding a +0 giant club and a +0 giant spiked club The mass of ice explodes!
The iceblast engulfs the two-headed ogre!
The two-headed ogre is moderately wounded.
You hear a bellow! x3; You hear a bark!
You hear a bellow!
You hear a shout!
Casting: Beastly Appendage (safe; 1% risk of failure)
Confirm with . or Enter, or press ? or * to list all spells.
You miscast Spider Form.
You are very lightly contaminated with residual magic.
Nothing appears to happen.
A yak comes into view.
A jackal comes into view.
Unknown command.
You bludgeon the two-headed ogre! You tentacle-slap the two-headed ogre.
The two-headed ogre is moderately wounded.
You barely miss the two-headed ogre.
Your tentacle-slap misses the two-headed ogre.
You squeeze the two-headed ogre!
The two-headed ogre is severely wounded.
The two-headed ogre barely misses you. The two-headed ogre closely misses you.
You tentacle-slap the two-headed ogre.
You pierce the two-headed ogre.
You squeeze the two-headed ogre.
The two-headed ogre is severely wounded.
The two-headed ogre hits you with a +0 giant club!
The two-headed ogre hits you with a +0 giant spiked club!
You completely miss the two-headed ogre.
You pierce the two-headed ogre.
The two-headed ogre is almost dead.
You tentacle-slap the two-headed ogre.
The two-headed ogre is almost dead.
The two-headed ogre hits you with a +0 giant club!
* * * LOW HITPOINT WARNING * * *
The two-headed ogre hits you with a +0 giant spiked club.
* * * LOW HITPOINT WARNING * * *
Unknown command.
You tentacle-slap the two-headed ogre but do no damage.
The two-headed ogre is almost dead.
The two-headed ogre hits you with a +0 giant club!!
You die...

### ..# ##.# .... #######
.h..#.# .#.# #.....#
.......
.#.########.##.###......Y
.#...#.......#...#....(..
.#...#.#########.#...(..#
.......####### #@#.....<.
...#.........# #O#).....#
.............# #.Y†.....#
.............# ###......#
....#........# ......#
....#........#### #######
..#.............#
#.#############.# ......#
#..)..###


You could see a two-headed ogre and a yak.

Vanquished Creatures
  A two-headed ogre (D:8)
  Grinder (D:3)
  Sigmund (D:5)
  4 yaks (D:10)
  A basilisk (D:9)
  3 ice beasts
  2 sky beasts
  2 orc warriors
  3 black bears
  4 ogres
  A centaur (D:5)
  3 phantoms
  A kobold brigand (D:7)
  6 bullfrogs
  A wyvern zombie (D:6)
  7 scorpions
  10 wights
  2 howler monkeys
  A bullfrog zombie (D:8)
  A crimson imp (D:2)
  2 hounds
  12 orc priests
  A jelly (D:6)
  2 bullfrog skeletons
  A centaur skeleton (D:7)
  2 iguanas
  3 orc wizards (D:8)
  4 worker ants
  A hound zombie (D:8)
  A hound skeleton (D:10)
  3 worker ant zombies
  A howler monkey zombie (D:9)
  A gnoll (D:1)
  6 adders
  A shadow imp (D:10)
  3 white imps
  An ufetubus (D:5)
  2 oozes (D:4)
  3 worms
  A dart slug (D:3)
  6 leopard geckos
  28 orcs
  A giant cockroach (D:1)
  7 hobgoblins
  18 jackals
  14 kobolds
  4 quokkas
  11 bats
  7 frilled lizards
  14 goblins
  A jackal skeleton (D:7)
  A leopard gecko skeleton (D:5)
  A quokka skeleton (D:4)
  10 rats
229 creatures vanquished.

Vanquished Creatures (others)
  13 fungi (D:9)
  2 plants (D:10)
15 creatures vanquished.

Grand Total: 244 creatures vanquished

Notes
Turn   | Place    | Note
-------+----------+-------------------------------------------
     0 | D:1      | tilp the Octopode Transmuter began the quest for the Orb.
     0 | D:1      | Reached XP level 1. HP: 13/13 MP: 3/3
    88 | D:1      | Reached skill level 1 in Stealth
   133 | D:1      | Reached XP level 2. HP: 5/18 MP: 3/5
   136 | D:1      | Learned a level 2 spell: Wereblood
   948 | D:1      | Reached XP level 3. HP: 16/23 MP: 4/6
  1601 | D:2      | Reached XP level 4. HP: 29/29 MP: 3/7
  1731 | D:2      | Found a burning altar of Makhleb.
  1997 | D:2      | Learned a level 3 spell: Spider Form
  2102 | D:3      | Reached XP level 5. HP: 35/35 MP: 4/8
  2458 | D:3      | Noticed Grinder
  2696 | D:3      | Killed Grinder
  2697 | D:3      | Reached skill level 5 in Unarmed Combat
  2697 | D:3      | Reached XP level 6. HP: 12/43 MP: 9/9
  3346 | D:4      | Reached XP level 7. HP: 25/48 MP: 7/10
  3690 | D:4      | Found Kote's Antique Weapon Shoppe.
  4298 | D:4      | Reached skill level 5 in Fighting
  5006 | D:5      | Entered Level 5 of the Dungeon
  5020 | D:5      | Found Jamar's General Store.
  5453 | D:5      | Reached skill level 1 in Poison Magic
  5453 | D:5      | Reached XP level 8. HP: 49/57 MP: 8/11
  5711 | D:5      | Noticed Sigmund
  5722 | D:5      | Killed Sigmund
  6440 | D:5      | Reached skill level 5 in Transmutations
  7084 | D:6      | Found Egeug's Book Boutique.
  7109 | D:6      | Reached skill level 1 in Evocations
  7109 | D:6      | Reached XP level 9. HP: 62/62 MP: 12/15
  8199 | D:6      | Learned a level 4 spell: Ice Form
  8315 | D:6      | Found a broken altar of Ashenzari.
  8320 | D:6      | Found a sparkling altar of Nemelex Xobeh.
  8342 | D:6      | Found a blossoming altar of Fedhas.
  9312 | D:7      | Found a staircase to the Ecumenical Temple.
  9347 | Temple   | Entered the Ecumenical Temple
  9696 | Temple   | Became a worshipper of Warmaster Okawaru
 10441 | D:8      | Reached skill level 1 in Invocations
 10867 | D:8      | Noticed a two-headed ogre
 10878 | D:8      | Killed a two-headed ogre
 10879 | D:8      | Reached skill level 5 in Dodging
 10879 | D:8      | Reached XP level 10. HP: 53/68 MP: 12/16
 10971 | D:8      | Reached * piety under Okawaru
 11853 | D:9      | Found a blossoming altar of Fedhas.
 11922 | D:9      | Reached skill level 1 in Ice Magic
 12408 | D:9      | Found a staircase to the Lair.
 12777 | D:9      | Reached ** piety under Okawaru
 13443 | D:9      | Learned a level 5 spell: Blade Hands
 13445 | D:10     | Entered Level 10 of the Dungeon
 13863 | D:10     | Noticed a two-headed ogre
 13877 | D:10     | Slain by a two-headed ogre

Illustrated notes

Levels and vault maps discovered:
D:1:      mrwooster_arrival_arrow, layout_basic
D:2:      kennysheep_the_goblin_king, layout_rooms, makhleb_grotto_becter
D:3:      layout_loops_ring, uniq_grinder
D:4:      layout_rooms, serial_corexii_hall, chequers_hall_statues_corner_a,
          corexii_hall_statues_l, chequers_hall_statues_y, serial_shops, shop
D:5:      layout_loops_ring, serial_shops, nicolae_shop_waterfront, uniq_sigmund
D:6:      layout_basic, nicolae_overflow_hidden_temple, serial_shops, shop
D:7:      layout_basic, minmay_temple_entry_proselytizer
D:8:      layout_cave_pools
D:9:      old_forge, layout_long_grid, lair_entry_dummy, fedhas_altar_2
D:10:     layout_basic, nicolae_ru_the_path_less_chosen
Temple:   dpeg_five_rooms_temple

Skill      XL: |  1  2  3  4  5  6  7  8  9 10 |
---------------+-------------------------------+-----
Stealth        | 2 4 |  4.0
Fighting       | 2 4 6 |  6.0
Unarmed Combat | 4 5 6 7 8 |  8.0
Poison Magic   | 1 2 |  2.0
Spellcasting   | 4 |  4.0
Transmutations | 6 8 |  8.0
Evocations     | 1 4 |  4.4
Dodging        | 5 6 |  6.0
Invocations    | 4 |  4.4
Ice Magic      | 2 |  2.0

Action                   |  1- 3 |  4- 6 |  7- 9 | 10-12 || total
-------------------------+-------+-------+-------+-------++-------
Melee: Unarmed           |    86 |    87 |   280 |   148 ||   601
       Constrict         |    20 |    25 |    51 |    13 ||   109
       Kick              |     6 |     8 |    41 |    23 ||    78
       Tentacles         |    14 |     8 |    29 |     8 ||    59
       Punch             |     2 |     4 |    10 |     3 ||    19
Throw: Dart              |       |    18 |    34 |    13 ||    65
       Boomerang         |       |       |     1 |       ||     1
 Cast: Beastly Appendage |     9 |     6 |    29 |    11 ||    55
       Wereblood         |     1 |     2 |    12 |     7 ||    22
       Spider Form       |       |       |     8 |    15 ||    23
Invok: Heroism           |       |       |       |     1 ||     1
Evoke: Wand              |       |       |     2 |     1 ||     3
  Use: Scroll            |       |     5 |    14 |     4 ||    23
       Potion            |       |       |     3 |       ||     3
 Stab: Sleeping          |    14 |     4 |     7 |     2 ||    27
       Distracted        |       |     1 |     1 |       ||     2
Armor: Skin              |     4 |     4 |    11 |     4 ||    23
Dodge: Dodged            |    51 |    47 |   132 |    86 ||   316

Table legend: (Time is in decaauts)
 A = Elapsed time spent in this place.
 B = Non-inter-level travel time spent in this place.
 C = Inter-level travel time spent in this place.
 D = Time resting spent in this place.
 E = Time spent auto-exploring this place.
 F = Levels seen in this place.
 G = Mean time per level.
                   A        B        C        D        E       F      G
               +--------+--------+--------+--------+--------+-----+--------+
         Total |  13812 |  13221 |    591 |   3202 |   8111 |  11 | 1255.6 |
       Dungeon |  13405 |  12921 |    484 |   3202 |   7819 |  10 | 1340.5 |
        Temple |    406 |    299 |    107 |      0 |    292 |   1 |  406.0 |
               +--------+--------+--------+--------+--------+-----+--------+

Top non-repeatable levels by time:
     D:5: 1780 daAuts
     D:4: 1670 daAuts
     D:6: 1629 daAuts
     D:9: 1615 daAuts
     D:8: 1613 daAuts
     D:7: 1354 daAuts
     D:1: 1328 daAuts
     D:3: 1268 daAuts
     D:2: 722 daAuts
    D:10: 423 daAuts
  Temple: 406 daAuts
